Map: Overgrowth LE (Void)

Players

BOSS - Winner!

  • Race: Zerg Zerg
  • League: Platinum
  • Spawn Location: 1:00

Amix

  • Race: Zerg Zerg
  • League: Gold
  • Spawn Location: 7:00

VOD

Have the link to the VOD?

Description

Time

  • Played on: Nov. 28, 2016, 11:32 a.m.
  • Length: 8:37
Show
View Real Time Build Order
Export as new Build Order

BOSS Zerg - Winner!

Build Orders: Pool First 

Get SALT Encoding   

  12  0:01  Drone  
  13  0:16  Overlord  
  13  0:18  Drone  
  14  0:34  Drone  
  14  0:35  Drone  
  16  0:42  Extractor  
  15  0:46  Spawning Pool  
  14  0:50  Drone  
  14  0:52  Drone  
  16  1:00  Drone  
  17  1:20  Hatchery  
  16  1:38  Queen  
  18  1:40  Zergling x2  
  18  1:41  Zergling x2  
  20  1:48  Metabolic Boost  
  20  1:52  Zergling x2  
  21  2:00  Zergling x2  
  22  2:13  Overlord  
  20  2:26  Zergling x4  
  22  2:33  Queen  
  22  2:35  Zergling x2  
  24  2:54  Zergling x4  
  24  2:55  Zergling x4  
  24  2:57  Zergling x6  
  30  3:14  Zergling x2  
  30  3:15  Zergling x2  
  22  3:40  Zergling x10  
  27  3:57  Drone x2  
  29  4:15  Baneling Nest  
  28  4:20  Drone x4  
  28  4:21  Drone  
  34  4:38  Drone x2  
  34  4:39  Overlord  
  34  4:40  Overlord  
  35  4:57  Queen  
  37  5:08  Zergling x2  
  37  5:09  Zergling x14  
  41  5:26  Zergling x12  
  42  5:39  Zergling x4  
  40  6:02  Drone  
  40  6:03  Drone x7, Extractor  
  46  6:20  Spine Crawler  
  46  6:22  Zergling x2  
  46  6:23  Baneling, Zergling x6  
  46  6:24  Baneling  
  46  6:25  Baneling, Spine Crawler  
  48  6:33  Lair  
  48  6:38  Extractor  
  47  6:44  Roach Warren  
  40  6:57  Zergling x8  
  40  6:58  Zergling x6  
  41  7:12  Zergling x2  
  41  7:13  Zergling x10  
  47  7:21  Zergling x2  
  47  7:27  Overlord  
  47  7:44  Hatchery  
  46  7:52  Roach  
  46  7:53  Roach  
  44  8:06  Zergling x4  
Show
View Real Time Build Order
Export as new Build Order

Amix Zerg 

Build Orders: Pool First, Zergling Baneling 

Get SALT Encoding   

  12  0:01  Drone  
  13  0:22  Spawning Pool  
  13  0:26  Drone  
  13  0:30  Drone  
  13  0:34  Extractor  
  13  0:37  Drone  
  14  0:45  Overlord  
  14  1:09  Zergling x4  
  14  1:10  Zergling x2  
  17  1:13  Queen  
  19  1:20  Zergling x2  
  20  1:31  Zergling x2  
  21  1:39  Metabolic Boost  
  21  1:42  Overlord  
  21  1:52  Zergling x2  
  22  2:03  Baneling Nest  
  20  2:22  Zergling x10  
  26  2:37  Zergling x2  
  26  2:45  Zergling x2  
  24  3:03  Zergling x4  
  25  3:06  Baneling  
  25  3:07  Baneling x5  
  17  3:35  Zergling x6  
  20  3:50  Drone  
  20  3:51  Hatchery  
  20  3:58  Baneling x3  
  20  4:12  Zergling x4  
  22  4:33  Zergling x8  
  26  4:39  Baneling x3  
  18  5:36  Zergling x10  
  18  5:37  Zergling x8  
  25  5:50  Zergling x8  
  29  6:03  Baneling  
  29  6:07  Evolution Chamber  
  27  6:14  Zergling x6  
  30  6:21  Baneling x2  
  30  6:23  Baneling  
  30  6:28  Zergling x2  
  24  7:27  Zergling x12  
  24  7:28  Zergling x8  
  24  7:33  Zergling x2  
  25  7:42  Zergling x4  
  27  7:49  Drone  
  28  8:01  Zergling x4  
  28  8:04  Baneling  
  28  8:05  Baneling  
Tags
 
Add a new tag
Caveats
  • Supply blocks, unpowered buildings, or Contaminate may cause inaccurate times.
  • Supply counts are checked every 10 seconds.